[Event "January 2 Late 2024"]
[Site "https://www.chess.com"]
[Date "2024.01.02"]
[Round "5"]
[White "Avramidou, Anastasia"]
[Black "Xie, Bryan"]
[Result "0-1"]
[Board "116"]
[TimeControl "180+1"]
[WhiteFideId "4239873"]
[BlackFideId "30941296"]
[WhiteElo "2575"]
[BlackElo "2424"]
[WhiteTeam "GRE"]
[BlackTeam "USA"]
[WhiteClock "0:00:05"]
[BlackClock "0:00:12"]

1. Nf3 d5 2. d4 Nf6 3. c4 dxc4 4. e3 e6 5. Bxc4 c5 6. O-O a6 7. dxc5 Qxd1 8. Rxd1 Bxc5 9. a3 b6 10. b4 Be7 11. Bb2 Bb7 12. Nbd2 Nbd7 13. Rac1 Rc8 14. Be2 O-O 15. Nc4 Rc7 16. Nce5 Rfc8 17. Nxd7 Rxd7 18. Bd4 Nd5 19. Ne5 Rdc7 20. Rxc7 Rxc7 21. Bf3 b5 22. h3 f6 23. Nd3 Nc3 24. Rd2 Bxf3 25. gxf3 e5 26. Bc5 Bxc5 27. Nxc5 a5 28. Kg2 Nb1 29. Ra2 a4 30. Ra1 Nd2 31. Rd1 Nb3 32. Nxb3 axb3 33. Rd3 b2 34. Rb3 Rc2 35. Kg3 Kf7 36. f4 exf4+ 37. Kxf4 Rxf2+ 38. Ke4 Ke6 39. Kd4 Kd6 40. Kc3 Re2 41. Kd3 Rh2 42. h4 h5 43. Kc3 g5 44. hxg5 fxg5 45. Kd4 h4 46. e4 h3 47. e5+ Ke6 48. Kc5 Rc2+ 49. Kxb5 h2 0-1

[Event "January 2 Late 2024"]
[Site "https://www.chess.com"]
[Date "2024.01.02"]
[Round "5"]
[White "Blanco Diez, David"]
[Black "Lymar, Vladislav"]
[Result "1-0"]
[Board "117"]
[TimeControl "180+1"]
[WhiteFideId "32032927"]
[BlackFideId "14162180"]
[WhiteElo "2424"]
[BlackElo "2563"]
[WhiteTeam "ESP"]
[BlackTeam "UKR"]
[WhiteClock "0:00:24"]
[BlackClock "0:00:42"]

1. d4 f5 2. Nc3 Nf6 3. Bg5 d5 4. Bxf6 exf6 5. e3 Bb4 6. Qf3 O-O 7. Bd3 g6 8. Ne2 Be6 9. h3 c6 10. g4 fxg4 11. hxg4 Qd7 12. Rg1 c5 13. dxc5 Nc6 14. O-O-O Ne5 15. Qg3 Bxg4 16. Bb5 Qe6 17. Nxd5 Bxc5 18. f4 Bf3 19. fxe5 Bxd5 20. Nf4 Qxe5 21. Nxd5 Qxg3 22. Rxg3 a6 23. Bc4 Kg7 24. Nc7 Rac8 25. Rd7+ Kh6 26. Ne6 Kh5 27. Rxh7# 1-0

[Event "January 2 Late 2024"]
[Site "https://www.chess.com"]
[Date "2024.01.02"]
[Round "5"]
[White "Alvarado, Carlos"]
[Black "Banerjee, Supratit"]
[Result "0-1"]
[Board "118"]
[TimeControl "180+1"]
[WhiteFideId "3800555"]
[BlackFideId "2410079"]
[WhiteElo "2424"]
[BlackElo "2559"]
[WhiteTeam "PER"]
[BlackTeam "SCO"]
[WhiteClock "0:00:00"]
[BlackClock "0:01:20"]

1. d4 d5 2. Nf3 e6 3. c4 Be7 4. Nc3 Nf6 5. Bf4 O-O 6. e3 b6 7. cxd5 Nxd5 8. Nxd5 exd5 9. a3 Bb7 10. Bd3 c5 11. O-O Nd7 12. Rc1 h6 13. Re1 Re8 14. Bf5 Nf6 15. Ne5 Bd6 16. Qf3 Ne4 17. Bxe4 dxe4 18. Qg3 Re6 19. dxc5 bxc5 20. Nc4 Rg6 21. Bxd6 Rxg3 22. Bxg3 Qe7 23. Nd6 Rd8 24. Red1 Ba6 25. Rxc5 Bd3 26. Rd5 Qe6 27. Rd4 Qb3 28. Re1 Qxb2 29. a4 Qc3 30. Rf1 Bxf1 31. Kxf1 Rb8 32. Rd1 Rb2 33. Kg1 Qd3 34. Rf1 Rb1 0-1

[Event "January 2 Late 2024"]
[Site "https://www.chess.com"]
[Date "2024.01.02"]
[Round "5"]
[White "Kotlyar, Kirill"]
[Black "Ramos Rivera, Jesse James"]
[Result "0-1"]
[Board "119"]
[TimeControl "180+1"]
[WhiteFideId "24145599"]
[BlackFideId "3103250"]
[WhiteElo "2554"]
[BlackElo "2423"]
[WhiteTeam "RUS"]
[BlackTeam "PUR"]
[WhiteClock "0:00:05"]
[BlackClock "0:00:18"]

1. e4 c5 2. Nf3 g6 3. d4 cxd4 4. Nxd4 Bg7 5. Nc3 Nc6 6. Be3 Nf6 7. Nxc6 bxc6 8. Bc4 O-O 9. O-O Nxe4 10. Nxe4 d5 11. Nc5 dxc4 12. Qe2 Bxb2 13. Rab1 Bf6 14. Qxc4 Qd5 15. Qa4 Bf5 16. Rfd1 Qe5 17. Bd4 Qe2 18. Bxf6 exf6 19. Nd3 Rfc8 20. Re1 Qd2 21. Qc4 Qa5 22. h3 Qd5 23. Qc3 Kg7 24. Nf4 Qxa2 25. Rbd1 Qxc2 26. Qa1 Re8 27. Rf1 a5 28. Rd6 Re5 29. Rc1 Qe4 30. g3 a4 31. Rcxc6 a3 32. Rd1 a2 33. Rc3 Qb1 34. Rcc1 Qxa1 35. Rxa1 Bb1 36. Kg2 Rae8 37. Nd3 Re2 38. Nb4 Rb2 39. Rd4 Ree2 40. Rf4 f5 41. g4 Be4+ 42. Kg3 g5 43. Rxf5 Bxf5 44. gxf5 Kf6 45. Nd3 Rb3 46. Kg2 Rxd3 47. Kf1 Rb2 48. Ke1 Rb1+ 49. Rxb1 axb1=Q+ 50. Ke2 Qc2+ 51. Kf1 Rd1+ 52. Kg2 Qe4+ 53. Kg3 Rg1+ 54. Kh2 Qg2# 0-1

[Event "January 2 Late 2024"]
[Site "https://www.chess.com"]
[Date "2024.01.02"]
[Round "5"]
[White "Garrido, Denis"]
[Black "Womacka, Mathias"]
[Result "0-1"]
[Board "120"]
[TimeControl "180+1"]
[WhiteFideId "601217"]
[BlackFideId "4611390"]
[WhiteElo "2414"]
[BlackElo "2551"]
[WhiteTeam "FRA"]
[BlackTeam "GER"]
[WhiteClock "0:00:00"]
[BlackClock "0:00:37"]

1. d4 Nf6 2. c4 e6 3. Nc3 Bb4 4. e3 c5 5. Bd3 Nc6 6. Ne2 cxd4 7. exd4 d5 8. cxd5 Nxd5 9. O-O O-O 10. Be4 Re8 11. Qc2 Nf6 12. Bxc6 bxc6 13. Bg5 Be7 14. Rfd1 Ba6 15. b3 Bxe2 16. Nxe2 Qd5 17. Bxf6 Bxf6 18. Rac1 Rac8 19. Qc5 Qxc5 20. Rxc5 Red8 21. g3 g6 22. Rdc1 Bxd4 23. Nxd4 Rxd4 24. Rxc6 Rxc6 25. Rxc6 a5 26. Ra6 Rd5 27. Kg2 g5 28. Kf3 Kg7 29. Ke3 h5 30. Ra8 Kg6 31. Rc8 Kf5 32. Rc3 Kg4 33. a3 Kh3 34. b4 axb4 35. axb4 Rb5 36. Rc5 Rxb4 37. Rxg5 Kxh2 38. Rxh5+ Kg2 39. Rh7 f5 40. Re7 Re4+ 41. Kd3 Kxf2 42. g4 Rxg4 43. Rxe6 Ra4 44. Rf6 f4 45. Rf8 f3 46. Rf7 Ra8 47. Ke4 Ke2 48. Re7 Rf8 49. Ra7 f2 50. Ra2+ Kf1 51. Ke3 Kg1 0-1

[Event "January 2 Late 2024"]
[Site "https://www.chess.com"]
[Date "2024.01.02"]
[Round "5"]
[White "Rama, Tejas"]
[Black "Awoki, Daniel Teidi"]
[Result "1-0"]
[Board "121"]
[TimeControl "180+1"]
[WhiteFideId "30907381"]
[BlackFideId "2100827"]
[WhiteElo "2548"]
[BlackElo "2413"]
[WhiteTeam "USA"]
[BlackTeam "BRA"]
[WhiteClock "0:00:41"]
[BlackClock "0:01:00"]

1. d4 Nf6 2. c4 e6 3. Nf3 d5 4. Nc3 Be7 5. Bf4 O-O 6. e3 a6 7. c5 b6 8. b4 a5 9. a3 Ba6 10. Bxa6 Nxa6 11. b5 Nxc5 12. dxc5 Bxc5 13. O-O Re8 14. Qc2 Nd7 15. Na4 e5 16. Nxc5 bxc5 17. Bg3 a4 18. e4 d4 19. Nd2 Qe7 20. Nc4 f6 21. f3 Nb6 22. Rfc1 Qd7 23. Rab1 Reb8 24. Nd2 Ra5 25. Qxc5 Rb7 26. Be1 Qd6 27. Qxd6 cxd6 28. Rc6 d5 29. exd5 Nxd5 30. b6 Nc3 31. Rb4 Nd5 32. Nc4 Ra6 33. Rc8+ Kf7 34. Nd6+ Ke6 35. Nxb7 Nxb4 36. Nc5+ 1-0

[Event "January 2 Late 2024"]
[Site "https://www.chess.com"]
[Date "2024.01.02"]
[Round "5"]
[White "Mendez Fortes, Eduardo Jesus"]
[Black "ArchibaldCerveza29"]
[Result "1-0"]
[Board "122"]
[TimeControl "180+1"]
[WhiteFideId "3502376"]
[WhiteElo "2543"]
[BlackElo "2411"]
[WhiteTeam "CUB"]
[WhiteClock "0:00:49"]
[BlackClock "0:00:00"]

1. e4 e5 2. Nf3 Nc6 3. Bb5 g6 4. c3 a6 5. Ba4 Bg7 6. d4 exd4 7. cxd4 b5 8. Bb3 Nge7 9. O-O O-O 10. Nc3 d6 11. h3 Na5 12. Bc2 c5 13. b3 cxd4 14. Nxd4 Nec6 15. Be3 Bb7 16. Rc1 Re8 17. Bb1 Rc8 18. Nxc6 Nxc6 19. Nd5 Qh4 20. Qd2 Ne5 21. Bg5 Qh5 22. Ne7+ Kh8 23. Nxc8 Bxc8 24. f4 Nd7 25. Qxd6 Nf8 26. Bf6 Ne6 27. Bxg7+ Kxg7 28. f5 Ng5 29. f6+ Kg8 30. Qe7 Nxh3+ 31. gxh3 Qg5+ 32. Kh1 1-0

[Event "January 2 Late 2024"]
[Site "https://www.chess.com"]
[Date "2024.01.02"]
[Round "5"]
[White "Pham, Le Thao Nguyen"]
[Black "Weinstein, Norman"]
[Result "0-1"]
[Board "123"]
[TimeControl "180+1"]
[WhiteFideId "12401226"]
[BlackFideId "2000466"]
[WhiteElo "2543"]
[BlackElo "2411"]
[WhiteTeam "VIE"]
[BlackTeam "USA"]
[WhiteClock "0:00:07"]
[BlackClock "0:01:24"]

1. d4 c5 2. c3 e6 3. Nf3 d5 4. Bg5 Be7 5. Bxe7 Qxe7 6. e3 Nf6 7. Nbd2 O-O 8. Ne5 Nc6 9. Bd3 Nxe5 10. dxe5 Nd7 11. f4 f6 12. Qh5 g6 13. Qh4 Rf7 14. exf6 Qxf6 15. Qxf6 Rxf6 16. Nf3 e5 17. fxe5 Re6 18. O-O Nxe5 19. Nxe5 Rxe5 20. Rae1 Bd7 21. c4 Bc6 22. cxd5 Bxd5 23. b3 Rae8 24. Kf2 Rf8+ 25. Kg1 Rfe8 26. Kf2 Kg7 27. Re2 b6 28. Rfe1 R8e7 29. e4 Bc6 30. h4 Rf7+ 31. Kg1 Rf4 32. g3 Rf6 33. Re3 Rd6 34. Kf2 h6 35. Kf3 g5 36. hxg5 hxg5 37. Kf2 Rf6+ 38. Kg1 Rh6 39. Kg2 Rd6 40. Kg1 b5 41. Rc1 Rd4 42. Rce1 a6 43. Kf2 Rd8 44. Kg1 Rh8 45. Kg2 Rd8 46. Kg1 Be8 47. Rf1 Bg6 48. Rfe1 Rd4 49. Kf2 Kf6 50. Kf3 Bh5+ 51. Kf2 Ke7 52. Rc1 Bg6 53. Rce1 c4 54. bxc4 bxc4 55. Bc2 Kd6 56. Rd1 Kc5 57. Rxd4 Kxd4 58. Kf3 Re6 59. Re2 Rf6+ 60. Kg4 Re6 61. Kxg5 Bxe4 62. Bxe4 Rxe4 63. Rc2 c3 64. g4 Kd3 65. Rc1 c2 66. Kf5 Re2 67. g5 Kd2 68. Rxc2+ Kxc2 69. g6 Kb2 70. Kf6 Kxa2 71. g7 Rg2 72. Kf7 a5 73. g8=Q Rxg8 74. Kxg8 a4 75. Kf7 a3 0-1

[Event "January 2 Late 2024"]
[Site "https://www.chess.com"]
[Date "2024.01.02"]
[Round "5"]
[White "Klenburg, Michael"]
[Black "Marcziter, Dmitrii"]
[Result "1-0"]
[Board "124"]
[TimeControl "180+1"]
[WhiteFideId "14102072"]
[BlackFideId "13900765"]
[WhiteElo "2543"]
[BlackElo "2379"]
[WhiteTeam "ISR"]
[BlackTeam "GER"]
[WhiteClock "0:01:34"]
[BlackClock "0:00:14"]

1. e4 e5 2. Nf3 Nc6 3. Bb5 f5 4. d3 fxe4 5. dxe4 Nf6 6. Nc3 d6 7. Bc4 Na5 8. Be2 Be6 9. O-O Be7 10. Ng5 Bg8 11. b3 Qd7 12. Be3 a6 13. Nd5 Nc6 14. c4 g6 15. f4 Nxd5 16. exd5 Nd8 17. Bg4 Bxg5 18. Bxd7+ Kxd7 19. fxg5 Ke7 20. Qf3 1-0

[Event "January 2 Late 2024"]
[Site "https://www.chess.com"]
[Date "2024.01.02"]
[Round "5"]
[White "Skibbe, Willi"]
[Black "Pinero Rodriguez, Carlos Jose"]
[Result "0-1"]
[Board "125"]
[TimeControl "180+1"]
[WhiteFideId "4682190"]
[BlackFideId "3901726"]
[WhiteElo "2406"]
[BlackElo "2538"]
[WhiteTeam "GER"]
[BlackTeam "VEN"]
[WhiteClock "0:00:00"]
[BlackClock "0:00:08"]

1. c4 Nf6 2. Nf3 g6 3. Nc3 Bg7 4. e4 d6 5. d4 O-O 6. Be2 e5 7. Be3 Nc6 8. dxe5 dxe5 9. Qxd8 Rxd8 10. Nd5 Nxe4 11. Nxc7 Rb8 12. Nd5 Be6 13. O-O-O Rbc8 14. Kb1 f6 15. Nd2 Nxd2+ 16. Rxd2 Kf7 17. Rhd1 b6 18. Bf3 f5 19. Bg5 Rd7 20. Ne3 Rxd2 21. Rxd2 e4 22. Be2 h6 23. Bf4 g5 24. Bd6 Nd4 25. c5 Nxe2 26. Rxe2 bxc5 27. Rc2 c4 28. b3 cxb3 29. axb3 Rd8 30. Rc7+ Kg6 31. Bc5 f4 32. Nc4 Bf5 33. Ka2 Rd1 34. b4 Be6 35. Bxa7 Rc1 36. Kb3 Rc3+ 37. Ka4 Rxc4 38. Rxc4 Bxc4 39. b5 Bd5 40. Kb4 Bf8+ 41. Ka5 Kf5 42. Bd4 Bd6 43. Ka6 Be5 44. Bc5 Bc3 45. b6 Bd2 46. b7 Bxb7+ 47. Kxb7 e3 48. fxe3 fxe3 0-1

[Event "January 2 Late 2024"]
[Site "https://www.chess.com"]
[Date "2024.01.02"]
[Round "5"]
[White "Bueno, Alfeu Junior Varela"]
[Black "Ismayil, Malak"]
[Result "1-0"]
[Board "126"]
[TimeControl "180+1"]
[WhiteFideId "2108879"]
[BlackFideId "13412604"]
[WhiteElo "2379"]
[BlackElo "2535"]
[WhiteTeam "BRA"]
[BlackTeam "AZE"]
[WhiteClock "0:01:02"]
[BlackClock "0:01:05"]

1. e4 e5 2. Nc3 Nc6 3. Bc4 Nf6 4. d3 Bc5 5. Bg5 h6 6. Bh4 Be7 7. Nf3 d6 8. h3 Be6 9. Bb3 Qd7 10. Bxf6 Bxf6 11. Nd5 Bxd5 12. Bxd5 O-O-O 13. c3 Rhf8 14. b4 Ne7 15. Qb3 Nxd5 16. Qxd5 c6 17. Qa5 Kb8 18. Rb1 d5 19. O-O Rfe8 20. b5 dxe4 21. dxe4 Rc8 22. Rfd1 Qe7 23. bxc6 Rxc6 24. Rb5 Ra6 25. Qxa6 1-0

[Event "January 2 Late 2024"]
[Site "https://www.chess.com"]
[Date "2024.01.02"]
[Round "5"]
[White "Khodabandeh, Milad"]
[Black "Rangel, Daniel"]
[Result "1-0"]
[Board "127"]
[TimeControl "180+1"]
[WhiteFideId "12538620"]
[BlackFideId "2124475"]
[WhiteElo "2377"]
[BlackElo "2534"]
[WhiteTeam "IRI"]
[BlackTeam "BRA"]
[WhiteClock "0:00:08"]
[BlackClock "0:00:05"]

1. e4 c5 2. Nf3 g6 3. d4 cxd4 4. Qxd4 Nf6 5. e5 Nc6 6. Qa4 Nd5 7. Qe4 Ndb4 8. Bb5 Bg7 9. Nc3 O-O 10. Bxc6 Nxc6 11. Bf4 d6 12. exd6 exd6 13. O-O-O Bf5 14. Qa4 Qb6 15. Be3 Qd8 16. Nd4 Nxd4 17. Bxd4 Qg5+ 18. Kb1 Qxg2 19. Bxg7 Kxg7 20. Qd4+ Kg8 21. Nd5 f6 22. Ne7+ Kh8 23. Nxf5 gxf5 24. Rhg1 Qc6 25. Rg3 Rac8 26. Rc3 Qd7 27. Rxc8 Qxc8 28. Qxd6 Rf7 29. Rg1 Qf8 30. Qg3 Qe8 31. a3 Re7 32. Ka2 Qf7+ 33. b3 Qe8 34. Qd6 Re6 35. Qc7 Re7 36. Qc5 Re2 37. a4 Qe3 38. fxe3 1-0

[Event "January 2 Late 2024"]
[Site "https://www.chess.com"]
[Date "2024.01.02"]
[Round "5"]
[White "RaugintaBulba"]
[Black "Arias Igual, Alejandro"]
[Result "1-0"]
[Board "128"]
[TimeControl "180+1"]
[BlackFideId "2254905"]
[WhiteElo "2534"]
[BlackElo "2365"]
[BlackTeam "ESP"]
[WhiteClock "0:01:32"]
[BlackClock "0:00:46"]

1. d4 d5 2. c4 e6 3. Nf3 c5 4. cxd5 exd5 5. g3 Nc6 6. Bg2 Nf6 7. Nc3 Be7 8. O-O O-O 9. Bg5 c4 10. Ne5 Be6 11. Nxc6 bxc6 12. b3 h6 13. Bxf6 Bxf6 14. bxc4 dxc4 15. e3 Qa5 16. Ne4 Be7 17. Qc2 Rac8 18. Rfd1 Bd5 19. Bf1 f5 20. Nd2 c3 21. Nb3 Qa6 22. Bxa6 1-0

[Event "January 2 Late 2024"]
[Site "https://www.chess.com"]
[Date "2024.01.02"]
[Round "5"]
[White "CRObliterator"]
[Black "Pinheiro, Iung Alicio de O."]
[Result "0-1"]
[Board "129"]
[TimeControl "180+1"]
[BlackFideId "2104350"]
[WhiteElo "2360"]
[BlackElo "2533"]
[BlackTeam "BRA"]
[WhiteClock "0:00:00"]
[BlackClock "0:00:14"]

1. e4 c5 2. c3 Qa5 3. Na3 d6 4. Nc4 Qc7 5. d4 Nf6 6. Bd3 Nbd7 7. Qe2 e5 8. dxe5 dxe5 9. Bg5 g6 10. Nf3 Bg7 11. O-O O-O 12. a4 b6 13. Na3 a6 14. Rfd1 Bb7 15. Nc2 Rfe8 16. h3 Nh5 17. Bc4 Nf4 18. Bxf4 exf4 19. Rxd7 Qxd7 20. Ng5 Re7 21. Rd1 Qc7 22. Qg4 Rd8 23. Rxd8+ Qxd8 24. Bxf7+ Rxf7 25. Nxf7 Kxf7 26. Qxf4+ Kg8 27. Ne3 Qe8 28. Nc4 Qxe4 29. Qb8+ Bf8 30. f3 Qc6 31. Ne5 Qd5 32. Ng4 Qd1+ 33. Kf2 Qd2+ 34. Kf1 Qd3+ 35. Kf2 Qb1 36. Qxb7 Qxb2+ 37. Kg3 Qxc3 38. Qd7 Qg7 39. Qe6+ Kh8 40. Ne5 Qe7 41. Nf7+ Kg7 42. Qxe7 Bxe7 43. Ne5 Bd6 44. Kf4 Kf6 0-1

[Event "January 2 Late 2024"]
[Site "https://www.chess.com"]
[Date "2024.01.02"]
[Round "5"]
[White "Silva, Kaua Marques"]
[Black "Korol, Dimitry"]
[Result "1-0"]
[Board "130"]
[TimeControl "180+1"]
[WhiteFideId "22701168"]
[BlackFideId "14108003"]
[WhiteElo "2531"]
[BlackElo "2343"]
[WhiteTeam "BRA"]
[BlackTeam "UKR"]
[WhiteClock "0:00:48"]
[BlackClock "0:00:00"]

1. e4 c5 2. Nf3 d6 3. c3 Nf6 4. Be2 g6 5. O-O Bg7 6. Bb5+ Nbd7 7. Re1 O-O 8. d4 cxd4 9. cxd4 Nb6 10. h3 d5 11. e5 Ne4 12. Nc3 Nxc3 13. bxc3 Bd7 14. a4 Rc8 15. Bd2 Nc4 16. Bxc4 Rxc4 17. Qb3 Qc7 18. Reb1 b6 19. Qa3 Bf5 20. Rb5 Bd7 21. Rb4 e6 22. a5 b5 23. Ne1 Rc8 24. Nd3 Bf8 25. Nc5 Bxc5 26. dxc5 Qxc5 27. Be3 Qc7 28. Bd4 Be8 29. Qb2 a6 30. Qd2 Qe7 31. g3 Kg7 32. Kg2 h5 33. h4 Bd7 34. Rab1 Be8 35. Qe3 Bd7 36. Qf3 Be8 37. Be3 1-0

[Event "January 2 Late 2024"]
[Site "https://www.chess.com"]
[Date "2024.01.02"]
[Round "5"]
[White "Wendt, Jan-Dietrich"]
[Black "Ljukin, Sergei"]
[Result "1-0"]
[Board "131"]
[TimeControl "180+1"]
[WhiteFideId "4623797"]
[BlackFideId "14102200"]
[WhiteElo "2347"]
[BlackElo "2529"]
[WhiteTeam "GER"]
[BlackTeam "UKR"]
[WhiteClock "0:00:20"]
[BlackClock "0:00:00"]

1. Nf3 d5 2. c4 c6 3. e3 Nf6 4. Nc3 e6 5. b3 Nbd7 6. Bb2 Bd6 7. Qc2 a6 8. Be2 e5 9. d4 e4 10. Nd2 O-O 11. g4 h6 12. h4 g5 13. O-O-O b5 14. c5 Bc7 15. Rh3 Kg7 16. Rdh1 Re8 17. Nd1 Nf8 18. f3 exf3 19. Bxf3 Bxg4 20. Bxg4 Nxg4 21. hxg5 Qxg5 22. Rg1 f5 23. Nf3 Qf6 24. Nf2 Kh8 25. Nxg4 fxg4 26. Rxg4 Rxe3 27. Qg2 Nh7 28. Ne5 Ng5 29. Rxe3 1-0

[Event "January 2 Late 2024"]
[Site "https://www.chess.com"]
[Date "2024.01.02"]
[Round "5"]
[White "Pasti, Aron"]
[Black "Travadon, Loic"]
[Result "1-0"]
[Board "132"]
[TimeControl "180+1"]
[WhiteFideId "785857"]
[BlackFideId "26092131"]
[WhiteElo "2522"]
[BlackElo "2331"]
[WhiteTeam "HUN"]
[BlackTeam "FRA"]
[WhiteClock "0:01:20"]
[BlackClock "0:00:37"]

1. e4 e5 2. Nf3 Nc6 3. Bb5 a6 4. Ba4 Nf6 5. O-O b5 6. Bb3 Nxe4 7. d4 d5 8. dxe5 Be6 9. Nbd2 Be7 10. c3 O-O 11. Bc2 f5 12. exf6 Nxf6 13. Re1 Qd7 14. Ng5 Bg4 15. Ngf3 Bc5 16. Nb3 Bd6 17. Qd3 Bxf3 18. Qxf3 Ne5 19. Qd1 Nfg4 20. Qxd5+ Kh8 21. Qe4 g6 22. Bf4 Rae8 23. Qd4 Rxf4 24. Qxf4 Rf8 25. Qd4 Rxf2 26. Rxe5 Rxc2 27. Re8# 1-0

[Event "January 2 Late 2024"]
[Site "https://www.chess.com"]
[Date "2024.01.02"]
[Round "5"]
[White "Ardila, Oscar Humberto"]
[Black "Bold, Andre"]
[Result "1/2-1/2"]
[Board "133"]
[TimeControl "180+1"]
[WhiteFideId "4404742"]
[BlackFideId "16208471"]
[WhiteElo "2327"]
[BlackElo "2521"]
[WhiteTeam "COL"]
[BlackTeam "GER"]
[WhiteClock "0:00:08"]
[BlackClock "0:00:08"]

1. d4 d5 2. c3 Nf6 3. Nf3 c5 4. h3 Nc6 5. Bf4 Qb6 6. b3 cxd4 7. cxd4 Bf5 8. g4 Be4 9. Bg2 Bxf3 10. Bxf3 Qxd4 11. Qxd4 Nxd4 12. Kd1 Nxf3 13. exf3 e6 14. Nc3 Bc5 15. Rf1 a6 16. Na4 Ba7 17. Rc1 b5 18. Nb2 Kd8 19. Nd3 Rc8 20. Ke2 Nd7 21. Bd6 Bb8 22. Bb4 Rxc1 23. Rxc1 Bc7 24. Rc6 Nb8 25. Rc2 f6 26. a4 Bb6 27. axb5 axb5 28. Bc5 Bxc5 29. Rxc5 Nd7 30. Rxb5 Kc7 31. Ke3 Ra8 32. f4 Kc6 33. Rb4 e5 34. fxe5 fxe5 35. f4 Re8 36. fxe5 Nxe5 37. Nxe5+ Rxe5+ 38. Kf4 Re1 39. Rb8 Rf1+ 40. Ke5 Rf3 41. h4 Re3+ 42. Kf5 d4 43. Rd8 Kc5 44. b4+ Kc4 45. b5 Rb3 46. Ke4 Re3+ 47. Kf4 Re6 48. Kf5 Re7 49. b6 d3 50. g5 Kc3 51. Rc8+ Kb2 52. Rc7 d2 53. Rxe7 d1=Q 54. b7 Qf3+ 55. Ke6 Qe4+ 56. Kf7 Qg6+ 57. Kf8 Qd6 58. Kf7 h6 59. gxh6 gxh6 60. h5 Kb3 61. Ke8 Kc4 62. Rd7 Qe6+ 63. Kd8 Qb6+ 64. Kc8 Qa6 65. Rc7+ Kd5 66. Rd7+ Kc6 67. Rc7+ Kd6 68. Rd7+ Ke6 69. Rc7 Kf5 70. Kd7 Qd3+ 71. Ke8 Qe4+ 72. Kd8 Qd5+ 73. Ke8 Qb5+ 74. Kd8 Kg5 75. Kc8 Qa6 76. Kd7 Qd3+ 77. Kc8 Qa6 78. Kd7 Qb6 79. Kc8 Qe6+ 80. Kd8 Qf6+ 81. Kc8 Qf8+ 82. Kd7 Kxh5 83. Rc8 Qf7+ 84. Kc6 Qe6+ 85. Kc7 Qe5+ 86. Kc6 Qc3+ 87. Kd7 Qd4+ 88. Kc6 Qc4+ 89. Kd7 Qb5+ 90. Kc7 Qc5+ 91. Kd7 Qd4+ 92. Kc7 Qe5+ 93. Kc6 Qe6+ 94. Kc7 Qe7+ 95. Kc6 Qf6+ 96. Kc7 Qg7+ 97. Kc6 Qc3+ 98. Kd7 Qd2+ 99. Kc7 Qc1+ 100. Kd7 Qd1+ 101. Kc7 Qc2+ 102. Kd7 Qd3+ 103. Kc7 Qc4+ 104. Kd7 Qb5+ 105. Kc7 Qc5+ 106. Kd7 Qa7 107. Kc6 Qa6+ 108. Kc7 Qa7 109. Kc6 Qa4+ 110. Kc7 Qc4+ 111. Kd7 1/2-1/2

[Event "January 2 Late 2024"]
[Site "https://www.chess.com"]
[Date "2024.01.02"]
[Round "5"]
[White "Zampronha, Wladimir Camilo"]
[Black "Weisz, Bryan"]
[Result "0-1"]
[Board "134"]
[TimeControl "180+1"]
[WhiteFideId "2103087"]
[BlackFideId "30934133"]
[WhiteElo "2325"]
[BlackElo "2519"]
[WhiteTeam "BRA"]
[BlackTeam "USA"]
[WhiteClock "0:00:39"]
[BlackClock "0:00:36"]

1. e4 e6 2. d4 Be7 3. Nc3 d5 4. Nf3 Nf6 5. Bd3 O-O 6. O-O c5 7. dxc5 Bxc5 8. exd5 Nxd5 9. Nxd5 Qxd5 10. Qe2 Nc6 11. Be4 Qh5 12. Re1 Bd6 13. Bxc6 bxc6 14. Ne5 Qxe2 15. Rxe2 Ba6 16. Re1 Bxe5 17. Rxe5 Rfd8 18. Be3 Rd5 19. Rxd5 cxd5 20. f4 Kf8 21. Kf2 Ke7 22. Bd4 f6 23. Re1 Kd6 24. c3 Bc8 25. b4 Bd7 26. Bc5+ Kc6 27. a4 a5 28. Ra1 e5 29. Be3 axb4 30. cxb4 d4 31. Bd2 Kd5 32. a5 e4 33. Rc1 e3+ 34. Bxe3 dxe3+ 35. Kxe3 Rc8 36. Rd1+ Ke6 37. f5+ Ke7 38. g4 Rc4 39. Rb1 Bb5 40. h3 Rc3+ 41. Kd4 Rc4+ 42. Kd5 h5 43. gxh5 Rf4 44. Kc5 Rxf5+ 45. Kb6 Bd3 46. b5 Bxb1 47. a6 Bd3 48. a7 Rxb5+ 49. Kc6 Ra5 0-1

[Event "January 2 Late 2024"]
[Site "https://www.chess.com"]
[Date "2024.01.02"]
[Round "5"]
[White "Baches Garcia, Guillermo"]
[Black "Kornyukov, Alexey"]
[Result "1/2-1/2"]
[Board "135"]
[TimeControl "180+1"]
[WhiteFideId "2209764"]
[BlackFideId "4150457"]
[WhiteElo "2518"]
[BlackElo "2316"]
[WhiteTeam "ESP"]
[BlackTeam "RUS"]
[WhiteClock "0:01:10"]
[BlackClock "0:01:01"]

1. d4 d5 2. Nf3 e6 3. Bg5 Be7 4. Bxe7 Qxe7 5. Nbd2 Nf6 6. e3 O-O 7. Bd3 c5 8. c3 Nc6 9. O-O e5 10. dxe5 Nxe5 11. Nxe5 Qxe5 12. Nf3 Qc7 13. Qc2 Bg4 14. Nd2 Rad8 15. Bf5 Rfe8 16. h3 Bxf5 17. Qxf5 d4 18. cxd4 cxd4 19. exd4 Rxd4 20. Nf3 Rd5 21. Qb1 h6 22. Rd1 Red8 23. Rxd5 Rxd5 24. Qc1 Qd7 25. Qe3 a6 26. Re1 Rd1 27. Rxd1 Qxd1+ 28. Kh2 Qd6+ 29. Kg1 Qd5 30. a3 Ne4 31. Qd4 Qc6 32. Qd1 f5 33. g3 Kh7 34. h4 Qb6 35. Qd4 1/2-1/2

[Event "January 2 Late 2024"]
[Site "https://www.chess.com"]
[Date "2024.01.02"]
[Round "5"]
[White "Horak, Martin"]
[Black "uzkuzk"]
[Result "0-1"]
[Board "136"]
[TimeControl "180+1"]
[WhiteFideId "367095"]
[WhiteElo "2518"]
[BlackElo "2271"]
[WhiteTeam "CZE"]
[WhiteClock "0:00:00"]
[BlackClock "0:00:18"]

1. e4 e5 2. Nc3 f5 3. Bc4 Nf6 4. d3 Bc5 5. Nf3 d6 6. Qe2 Nc6 7. Be3 Bb6 8. O-O-O f4 9. Bxb6 axb6 10. d4 Bg4 11. dxe5 Nxe5 12. Bb3 Qe7 13. Qb5+ Bd7 14. Qb4 Ra6 15. Nxe5 Qxe5 16. f3 b5 17. Nd5 c5 18. Qd2 c4 19. Nc7+ Ke7 20. Nxa6 bxa6 21. g3 cxb3 22. axb3 Nh5 23. g4 Nf6 24. Qa5 Rc8 25. Rd2 Be6 26. Qxa6 Rc7 27. Rhd1 Qc5 28. g5 Ne8 29. Kb1 Ra7 0-1

[Event "January 2 Late 2024"]
[Site "https://www.chess.com"]
[Date "2024.01.02"]
[Round "5"]
[White "Lopez Del Alamo, Antonio"]
[Black "Osmak, Yuliia"]
[Result "1-0"]
[Board "137"]
[TimeControl "180+1"]
[WhiteFideId "2227339"]
[BlackFideId "14101602"]
[WhiteElo "2284"]
[BlackElo "2518"]
[WhiteTeam "ESP"]
[BlackTeam "UKR"]
[WhiteClock "0:00:28"]
[BlackClock "0:00:00"]

1. e4 c5 2. Nf3 Nc6 3. b4 cxb4 4. d4 d5 5. exd5 Qxd5 6. c4 bxc3 7. Nxc3 Qa5 8. Rb1 Qxc3+ 9. Bd2 Qa3 10. d5 e6 11. dxc6 bxc6 12. Qc2 Bd7 13. Bd3 Nf6 14. Rb3 Qa4 15. Rb8+ Rxb8 16. Qxa4 Bc5 17. O-O O-O 18. Ne5 Rfd8 19. Qc2 Bd4 20. Bc3 c5 21. Bxd4 cxd4 22. Qc7 Rbc8 23. Qxa7 Be8 24. h3 Rd5 25. Re1 g6 26. a4 Rcc5 27. f4 Ra5 28. Qe7 Kg7 29. Bb5 Bxb5 30. Qxf7+ Kh6 31. Qxf6 Bxa4 32. Nf7+ Kh5 33. Re5+ Rxe5 34. fxe5 1-0

[Event "January 2 Late 2024"]
[Site "https://www.chess.com"]
[Date "2024.01.02"]
[Round "5"]
[White "xakevicius91"]
[Black "Slavin, Alexey"]
[Result "0-1"]
[Board "138"]
[TimeControl "180+1"]
[BlackFideId "24104388"]
[WhiteElo "2516"]
[BlackElo "2262"]
[BlackTeam "RUS"]
[WhiteClock "0:01:51"]
[BlackClock "0:02:11"]

1. e4 Nc6 2. Nf3 d6 3. Nc3 Nf6 4. d4 Bg4 5. Be2 e5 6. Be3 Be7 7. Qd2 O-O 8. O-O-O a6 9. h3 Bh5 10. d5 Nb8 11. g4 Bg6 12. Bd3 b5 13. a3 c5 14. dxc6 Nxc6 15. h4 h5 16. gxh5 Bxh5 17. Be2 b4 18. axb4 Nxb4 19. Ng5 Qa5 20. Bxh5 Qa1+ 21. Nb1 Na2# 0-1